 Dungeon Crawl Stone Soup version 0.22.0-38-g04b72b8 (webtiles) character file.

1098 dvd the Spear-Bearer (level 8, -8/96 HPs)
             Began as a Merfolk Berserker on Aug 29, 2018.
             Was a Priest of Trog.
             Killed from afar by an orc wizard (11 damage)
             ... with a puff of flame
             ... on level 5 of the Dungeon.
             The game lasted 00:15:04 (4433 turns).

dvd the Spear-Bearer (Merfolk Berserker)            Turns: 4433, Time: 00:15:06

Health: -8/96      AC: 24    Str: 21 (23) XL:     8   Next: 32%
Magic:  0/8        EV:  2    Int: 11 (12) God:    Trog [***...]
Gold:   164        SH:  0    Dex: 18 (19) Spells: 7/7 levels left

rFire    . . .     SeeInvis .   F - +0 glaive
rCold    . . .     Gourm    .   (shield currently unavailable)
rNeg     + + +     Faith    .   (armour currently unavailable)
rPois    +         Spirit   +   (helmet currently unavailable)
rElec    .         Reflect  .   (cloak currently unavailable)
rCorr    .         Harm     .   (gloves currently unavailable)
MR       ++...     NoTele   +   (boots currently unavailable)
Stlth    ++........             j - amulet of guardian spirit
HPRegen  1.26/turn              g - ring of poison resistance
MPRegen  0.11/turn              p - +5 ring of dexterity

@: mighty, brilliant, tree-form, berserk cooldown, regenerating, slowed, very
slow
A: (change form in water), (swift swim), (stealthy swim)
a: Berserk, Trog's Hand, Renounce Religion


You were on level 5 of the Dungeon.
You worshipped Trog.
Trog was most pleased with you.
You were very hungry.
You were a tree.
You visited 1 branch of the dungeon, and saw 6 of its levels.

You collected 164 gold pieces.

Inventory:

Hand Weapons
 a - a +0 spear
 k - a +0 hand axe
 y - a +0 lajatang
 z - a +1 whip of freezing
 C - a +3 quarterstaff of chaos
 F - a +0 glaive (weapon)
Armour
 b - a +0 animal skin
 l - a +0 pair of gloves (melded)
 u - a +0 scale mail
 w - +0 ice dragon scales (melded)
 D - a +0 cloak (melded)
Jewellery
 g - a ring of poison resistance (left branch)
 j - an amulet of guardian spirit (around neck)
 o - an uncursed amulet of rage
 p - a +5 ring of dexterity (right branch)
 t - an uncursed ring of stealth
 B - a +3 ring of evasion
Scrolls
 d - 4 scrolls of identify
 f - a scroll of fog {unknown}
 h - 3 scrolls of blinking {unknown}
 n - 4 scrolls of remove curse
 E - 2 scrolls of teleportation {unknown}
 G - a scroll of fear {unknown}
Potions
 e - a potion of cancellation {unknown}
 i - 2 potions of brilliance
 m - a potion of lignification
 q - 2 potions of degeneration
 r - 2 potions of might
 s - 2 potions of flight {unknown}
 v - a potion of resistance {unknown}
 x - 2 potions of heal wounds {unknown}
Comestibles
 c - 4 rations


   Skills:
 + Level 5.7 Fighting
 + Level 9.8 Polearms
 + Level 3.2 Armour
 + Level 5.4 Dodging
 + Level 2.3 Stealth


You had 7 spell levels left.
You didn't know any spells.
Your spell library was empty.

Dungeon Overview and Level Annotations

Branches:
Dungeon (6/15)             Temple (0/1) D:4

Altars:
Fedhas
Makhleb
Okawaru
Sif Muna
Trog


Message History

Your +0 cloak melds into your body.
Your +0 pair of gloves melds into your body.
Your +0 ice dragon scales melds into your body.
Your roots penetrate the ground.
The orc wizard hits you but does no damage.
The orc priest hits you but does no damage.
The orc warrior hits you with a battleaxe!
* * * LOW HITPOINT WARNING * * *
The orc wizard casts a spell at you. The magic dart hits you!
* * * LOW HITPOINT WARNING * * *
Unknown command.
You slice the orc priest!!
You kill the orc priest!
Trog accepts your kill.
The orc warrior hits you with a battleaxe!
* * * LOW HITPOINT WARNING * * *
The orc wizard gestures at you while chanting.
The puff of flame hits you!
You die...

............#
.#.##.......#
.#..........# #####
######.....## #...#
# ##.....## #...#
#####.......# #...#
............####...#
.###...........#o[.#
..####.........o♣..#
#..........#####...#
...##...#### #...#
..#####..# #...#
...)###### #...#
#.....# #####
####..# ##.# ###


You could see an orc warrior and an orc wizard.

Vanquished Creatures
  Duvessa (D:4)
  An orc warrior (D:6)
  2 phantoms (D:4)
  Dowan (D:4)
  A scorpion (D:6)
  A hound (D:4)
  A quasit (D:5)
  Crazy Yiuf (D:5)
  A centaur skeleton (D:4)
  4 orc priests
  An iguana (D:4)
  5 worker ants
  4 gnolls (D:5)
  9 adders
  A shadow imp (D:5)
  3 adder skeletons
  5 worms
  2 dart slugs
  4 leopard geckos
  5 orcs
  6 bats
  5 giant cockroaches
  3 goblins
  9 hobgoblins
  7 kobolds
  3 frilled lizards
  A quokka zombie (D:5)
  8 rats
95 creatures vanquished.

Notes
Turn   | Place    | Note
-------+----------+-------------------------------------------
     0 | D:1      | dvd the Merfolk Berserker began the quest for the Orb.
     0 | D:1      | Reached XP level 1. HP: 18/18 MP: 1/1
   287 | D:1      | Reached XP level 2. HP: 22/24 MP: 2/2
   492 | D:1      | Reached skill level 5 in Polearms
   753 | D:2      | Reached ** piety under Trog
   829 | D:2      | Reached XP level 3. HP: 26/29 MP: 3/3
  1375 | D:3      | Found a blossoming altar of Fedhas.
  1376 | D:3      | Found an iron altar of Okawaru.
  1377 | D:3      | Found a bloodstained altar of Trog.
  1391 | D:3      | Reached XP level 4. HP: 29/37 MP: 4/4
  1729 | D:3      | Reached skill level 1 in Stealth
  1744 | D:3      | Reached skill level 6 in Polearms
  1773 | D:3      | Found a deep blue altar of Sif Muna.
  1868 | D:3      | Reached XP level 5. HP: 42/42 MP: 5/5
  2075 | D:4      | Noticed Duvessa
  2075 | D:4      | Noticed Dowan
  2084 | D:4      | Killed Duvessa
  2084 | D:4      | Reached skill level 7 in Polearms
  2095 | D:4      | Killed Dowan
  2095 | D:4      | Reached XP level 6. HP: 42/49 MP: 3/6
  2557 | D:4      | Noticed a phantom
  2648 | D:4      | Noticed a phantom
  2677 | D:4      | Killed a phantom
  2677 | D:4      | Reached skill level 8 in Polearms
  2677 | D:4      | Reached XP level 7. HP: 30/55 MP: 3/7
  2859 | D:4      | Reached *** piety under Trog
  2898 | D:4      | Found a staircase to the Ecumenical Temple.
  2928 | D:4      | Found a burning altar of Makhleb.
  3135 | D:5      | Entered Level 5 of the Dungeon
  3168 | D:5      | Reached skill level 5 in Fighting
  3239 | D:5      | Reached skill level 9 in Polearms
  3501 | D:5      | Reached skill level 5 in Dodging
  3928 | D:5      | Found a runed door.
  3932 | D:5      | Noticed Crazy Yiuf
  3942 | D:5      | Killed Crazy Yiuf
  4314 | D:6      | Reached XP level 8. HP: 63/63 MP: 8/8
  4433 | D:5      | HP: 3/96 [orc warrior/battleaxe (8)]
  4433 | D:5      | Killed from afar by an orc wizard

Skill      XL: |  1  2  3  4  5  6  7  8 |
---------------+-------------------------+-----
Dodging        | 3 4 5 |  5.4
Polearms       | 5 6 7 8 9 |  9.8
Fighting       | 4 5 |  5.7
Stealth        | 1 2 |  2.3
Armour         | 2 3 |  3.2

Action                   |  1- 3 |  4- 6 |  7- 9 || total
-------------------------+-------+-------+-------++-------
Melee: Spear             |   119 |   188 |   186 ||   493
       Lajatang          |       |       |     5 ||     5
       Glaive            |       |       |    25 ||    25
       Quarterstaff      |       |       |     3 ||     3
Invok: Berserk           |       |     3 |     2 ||     5
       Trog's Hand       |       |     1 |     1 ||     2
  Use: Scroll            |       |       |     2 ||     2
       Potion            |       |       |     4 ||     4
 Stab: Sleeping          |     1 |     2 |       ||     3
  Eat: Chunk             |     1 |     7 |     7 ||    15
Armor: Animal skin       |    18 |     7 |       ||    25
       Scale mail        |       |    13 |    46 ||    59
       Ice dragon scales |       |       |    16 ||    16
       Skin              |       |       |     1 ||     1
Dodge: Dodged            |    57 |    64 |   129 ||   250
